TOP OF THE 1ST |
Jasper Cougars batting - Pitching for Surrey Sinners : RHP Jeff Pike
|
Pitching: RHP Jeff Pike
|
|
Batting: LHB Enrique Valentín
|
0-0: Foul Ball, location: 2F 0-1: Ball 1-1: Fly out, F3 (Line Drive, 3)
|
Batting: RHB Manuel Pérez
|
0-0: Swinging Strike 0-1: Called Strike 0-2: Ball 1-2: Strikes out looking
|
Batting: RHB Earl Wiggins
|
0-0: Ball 1-0: Ball 2-0: SOLO HOME RUN (Flyball, 8LXD), Distance : 434 ft
|
Batting: RHB Jesús Hernández
|
0-0: Fly out, F8 (Flyball, 8RM)
|
Top of the 1st over - 1 run(s), 1 hit(s), 0 error(s), 0 left on base; Jasper 1 - Surrey 0 |
BOTTOM OF THE 1ST |
Surrey Sinners batting - Pitching for Jasper Cougars : LHP Lorenzo Sánchez
|
Pitching: LHP Lorenzo Sánchez
|
|
Batting: RHB Tony Cruz
|
0-0: Foul Ball, location: 2F 0-1: Ball 1-1: Foul Ball, location: 2F 1-2: Foul Ball, location: 2F 1-2: Strikes out looking
|
Batting: RHB Miguel Palácios
|
0-0: Swinging Strike 0-1: SINGLE (Popup, 4MD)
|
Batting: RHB Jesús Gonzáles
|
0-0: Called Strike 0-1: Ball 1-1: Foul Ball, location: 2F 1-2: Fielders Choice at 2nd, 6-4 (Groundball, 6M)
|
Batting: LHB Richard Bell
|
0-0: Ball 1-0: Ball 2-0: Swinging Strike 2-1: Called Strike 2-2: Foul Ball, location: 2F 2-2: Strikes out swinging
|
Bottom of the 1st over - 0 run(s), 1 hit(s), 0 error(s), 1 left on base; Jasper 1 - Surrey 0 |
TOP OF THE 2ND |
Jasper Cougars batting - Pitching for Surrey Sinners : RHP Jeff Pike
|
Batting: SHB Ron Edwards
|
0-0: Ball 1-0: Foul Ball, location: 2F 1-1: Called Strike 1-2: Ground out 1-3 (Groundball, 13)
|
Batting: RHB Dan Hooper
|
0-0: Ball 1-0: SINGLE (Line Drive, 56)
|
Batting: RHB Dave Parker
|
0-0: Foul Ball, location: 2F 0-1: Foul Ball, location: 2F 0-2: Foul Ball, location: 2F 0-2: Ball 1-2: Foul Ball, location: 2F 1-2: Foul Ball, location: 2F 1-2: Ball 2-2: Ball 3-2: Foul Ball, location: 2F 3-2: Base on Balls Dan Hooper to second
|
Batting: RHB Juan Carlos
|
0-0: Fly out, F2 (Popup, 2LF)
|
Batting: RHB Greg King
|
0-0: Ball 1-0: Foul Ball, location: 2F 1-1: Swinging Strike 1-2: Foul Ball, location: 2F 1-2: Ball 2-2: Strikes out swinging
|
Top of the 2nd over - 0 run(s), 1 hit(s), 0 error(s), 2 left on base; Jasper 1 - Surrey 0 |
BOTTOM OF THE 2ND |
Surrey Sinners batting - Pitching for Jasper Cougars : LHP Lorenzo Sánchez
|
Batting: RHB Héctor Berrios
|
0-0: Called Strike 0-1: Ground out 4-3 (Groundball, 4M)
|
Batting: LHB Edmund Ross
|
0-0: Foul Ball, location: 2F 0-1: Foul Ball, location: 2F 0-2: Strikes out swinging
|
Batting: RHB Bill Little
|
0-0: Foul Ball, location: 2F 0-1: Ball 1-1: Ball 2-1: Called Strike 2-2: Foul Ball, location: 2F 2-2: Ball 3-2: Strikes out looking
|
Bottom of the 2nd over - 0 run(s), 0 hit(s), 0 error(s), 0 left on base; Jasper 1 - Surrey 0 |
TOP OF THE 3RD |
Jasper Cougars batting - Pitching for Surrey Sinners : RHP Jeff Pike
|
Batting: LHB Enrique Valentín
|
0-0: Ball 1-0: Ball 2-0: Called Strike 2-1: Swinging Strike 2-2: Strikes out swinging
|
Batting: RHB Manuel Pérez
|
0-0: Ball 1-0: Ball 2-0: Ground out 6-3 (Groundball, 6)
|
Batting: RHB Earl Wiggins
|
0-0: Called Strike 0-1: Foul Ball, location: 2F 0-2: Ball 1-2: Ball 2-2: Strikes out looking
|
Top of the 3rd over - 0 run(s), 0 hit(s), 0 error(s), 0 left on base; Jasper 1 - Surrey 0 |
BOTTOM OF THE 3RD |
Surrey Sinners batting - Pitching for Jasper Cougars : LHP Lorenzo Sánchez
|
Batting: RHB Víctor Arredondo
|
0-0: Called Strike 0-1: Ball 1-1: Foul Ball, location: 2F 1-2: Strikes out swinging
|
Batting: LHB Nick English
|
0-0: Called Strike 0-1: Called Strike 0-2: Ball 1-2: Foul Ball, location: 2F 1-2: Strikes out swinging
|
Batting: RHB Tony Cruz
|
0-0: Ball 1-0: Foul Ball, location: 2F 1-1: Ball 2-1: Called Strike 2-2: Ball 3-2: SOLO HOME RUN (Line Drive, 7D), Distance : 389 ft
|
Batting: RHB Miguel Palácios
|
0-0: Ground out 6-3 (Groundball, 6)
|
Bottom of the 3rd over - 1 run(s), 1 hit(s), 0 error(s), 0 left on base; Jasper 1 - Surrey 1 |
TOP OF THE 4TH |
Jasper Cougars batting - Pitching for Surrey Sinners : RHP Jeff Pike
|
Batting: RHB Jesús Hernández
|
0-0: Ball 1-0: Ball 2-0: Ball 3-0: Base on Balls
|
Batting: SHB Ron Edwards
|
0-0: Called Strike 0-1: Ball 1-1: Ball 2-1: Ball 3-1: Foul Ball, location: 2F 3-2: Base on Balls Jesús Hernández to second
|
Batting: RHB Dan Hooper
|
0-0: SINGLE (Line Drive, 89M) Jesús Hernández to third Ron Edwards to second
|
Batting: RHB Dave Parker
|
0-0: Ball 1-0: Ball 2-0: Called Strike 2-1: Ball 3-1: Base on Balls Jesús Hernández scores Ron Edwards to third Dan Hooper to second
|
Batting: RHB Juan Carlos
|
0-0: Ball 1-0: Foul Ball, location: 2F 1-1: Foul Ball, location: 2F 1-2: Ball 2-2: Ball 3-2: Strikes out looking
|
Batting: RHB Greg King
|
0-0: Ball 1-0: SINGLE (Groundball, 5L) Ron Edwards scores Dan Hooper to third Dave Parker to second Runner from 3rd tries for Home, SAFE, no throw or cutoff
|
Batting: LHB Enrique Valentín
|
0-0: Ball 1-0: Foul Ball, location: 2F 1-1: Ball 2-1: Called Strike 2-2: Fly out, F8 (Line Drive, 8RM)
|
Batting: RHB Manuel Pérez
|
0-0: Called Strike 0-1: Called Strike 0-2: Strikes out swinging
|
Top of the 4th over - 3 run(s), 2 hit(s), 0 error(s), 2 left on base; Jasper 4 - Surrey 1 |
BOTTOM OF THE 4TH |
Surrey Sinners batting - Pitching for Jasper Cougars : LHP Lorenzo Sánchez
|
Batting: RHB Jesús Gonzáles
|
0-0: Ball 1-0: Ball 2-0: Ball 3-0: Called Strike 3-1: Base on Balls
|
Batting: LHB Richard Bell
|
0-0: Ball Wild Pitch! Jesús Gonzáles to second 1-0: Swinging Strike 1-1: Foul Ball, location: 2F 1-2: Foul Ball, location: 2F 1-2: Strikes out swinging
|
Batting: RHB Héctor Berrios
|
0-0: Ball 1-0: Foul Ball, location: 2F 1-1: Ball 2-1: SINGLE (Groundball, 25) (infield hit) Jesús Gonzáles to third
|
Batting: LHB Edmund Ross
|
0-0: Called Strike 0-1: Ball Wild Pitch! Jesús Gonzáles scores Héctor Berrios to second 1-1: Swinging Strike 1-2: Strikes out swinging
|
Batting: RHB Bill Little
|
0-0: Swinging Strike 0-1: Foul Ball, location: 2F 0-2: Strikes out swinging
|
Bottom of the 4th over - 1 run(s), 1 hit(s), 0 error(s), 1 left on base; Jasper 4 - Surrey 2 |
TOP OF THE 5TH |
Jasper Cougars batting - Pitching for Surrey Sinners : RHP Jeff Pike
|
Batting: RHB Earl Wiggins
|
0-0: Ball 1-0: Called Strike 1-1: Called Strike 1-2: SINGLE (Line Drive, 6)
|
Batting: RHB Jesús Hernández
|
0-0: Foul Ball, location: 2F 0-1: Foul Ball, location: 2F 0-2: Fly out, F9 (Flyball, 9M)
|
Pitching: RHP Jesse Jones
|
|
Batting: SHB Ron Edwards
|
0-0: Grounds into double play, U3-6 (Groundball, 3L)
|
Top of the 5th over - 0 run(s), 1 hit(s), 0 error(s), 0 left on base; Jasper 4 - Surrey 2 |
BOTTOM OF THE 5TH |
Surrey Sinners batting - Pitching for Jasper Cougars : LHP Lorenzo Sánchez
|
Batting: RHB Víctor Arredondo
|
0-0: Ball 1-0: Ball 2-0: Called Strike 2-1: Ball 3-1: Swinging Strike 3-2: Base on Balls
|
Batting: LHB Nick English
|
0-0: Ball 1-0: Foul Ball, location: 2F 1-1: Ball 2-1: Called Strike 2-2: SINGLE (Line Drive, 56) Víctor Arredondo to second
|
Batting: RHB Tony Cruz
|
0-0: Ball 1-0: Ball 2-0: Ball 3-0: Called Strike 3-1: Called Strike Reached via error on a dropped throw, E4 Víctor Arredondo to third Nick English to second
|
Batting: RHB Miguel Palácios
|
0-0: Foul Ball, location: 2F 0-1: Foul Ball, location: 2F 0-2: Ball 1-2: Ball 2-2: Strikes out swinging
|
Pitching: RHP Brad White
|
|
Batting: RHB Jesús Gonzáles
|
0-0: Ball 1-0: Ball 2-0: Ball 3-0: Called Strike 3-1: Base on Balls Víctor Arredondo scores Nick English to third Tony Cruz to second
|
Batting: LHB Richard Bell
|
0-0: DOUBLE (Flyball, 7LS) Nick English scores Tony Cruz scores Jesús Gonzáles to third
|
Batting: RHB Héctor Berrios
|
0-0: Ball 1-0: Ball 2-0: Ball 3-0: Called Strike 3-1: Base on Balls
|
Batting: LHB Edmund Ross
|
0-0: Foul Ball, location: 2F 0-1: Called Strike 0-2: Strikes out swinging
|
Batting: RHB Bill Little
|
0-0: Called Strike 0-1: Called Strike 0-2: Strikes out looking
|
Bottom of the 5th over - 3 run(s), 2 hit(s), 1 error(s), 3 left on base; Jasper 4 - Surrey 5 |
TOP OF THE 6TH |
Jasper Cougars batting - Pitching for Surrey Sinners : RHP Jesse Jones
|
Batting: RHB Dan Hooper
|
0-0: Called Strike 0-1: Called Strike 0-2: Strikes out swinging
|
Batting: RHB Dave Parker
|
0-0: Called Strike 0-1: Swinging Strike 0-2: Strikes out swinging
|
Batting: RHB Juan Carlos
|
0-0: Ball 1-0: Called Strike 1-1: Ball 2-1: Ground out 5-3 (Groundball, 15S)
|
Top of the 6th over - 0 run(s), 0 hit(s), 0 error(s), 0 left on base; Jasper 4 - Surrey 5 |
BOTTOM OF THE 6TH |
Surrey Sinners batting - Pitching for Jasper Cougars : RHP Brad White
|
Batting: RHB Víctor Arredondo
|
0-0: Fly out, F8 (Flyball, 8LD)
|
Batting: LHB Nick English
|
0-0: Foul Ball, location: 2F 0-1: Ball 1-1: SINGLE (Groundball, 13) (infield hit)
|
Batting: RHB Tony Cruz
|
0-0: Ball 1-0: Ball 2-0: Swinging Strike 2-1: Ball 3-1: Foul Ball, location: 2F 3-2: Strikes out swinging
|
Batting: RHB Miguel Palácios
|
0-0: Ball 1-0: Ball 2-0: Ball 3-0: Called Strike 3-1: Called Strike 3-2: Foul Ball, location: 2F 3-2: Foul Ball, location: 2F 3-2: Base on Balls Nick English to second
|
Batting: RHB Jesús Gonzáles
|
0-0: Called Strike 0-1: Ball 1-1: Ball 2-1: Called Strike 2-2: Ball 3-2: Foul Ball, location: 2F 3-2: Foul Ball, location: 2F 3-2: Strikes out swinging
|
Bottom of the 6th over - 0 run(s), 1 hit(s), 0 error(s), 2 left on base; Jasper 4 - Surrey 5 |
TOP OF THE 7TH |
Jasper Cougars batting - Pitching for Surrey Sinners : RHP Jesse Jones
|
Batting: RHB Greg King
|
0-0: Ball 1-0: Foul Ball, location: 2F 1-1: Ground out 6-3 (Groundball, 6)
|
Pitching: LHP Luis Perea
|
|
Batting: LHB Enrique Valentín
|
0-0: Ball 1-0: Called Strike 1-1: Called Strike 1-2: Ball 2-2: Foul Ball, location: 2F 2-2: Fly out, F9 (Flyball, 89M)
|
Batting: RHB Manuel Pérez
|
0-0: Ball 1-0: Foul Ball, location: 2F 1-1: Called Strike 1-2: Foul Ball, location: 2F 1-2: Ball 2-2: Ball 3-2: Base on Balls
|
Batting: RHB Earl Wiggins
|
0-0: Ball Manuel Pérez steals 2nd base 1-0: Called Strike 1-1: Foul Ball, location: 2F 1-2: Ball 2-2: Ground out 6-3 (Groundball, 6)
|
Top of the 7th over - 0 run(s), 0 hit(s), 0 error(s), 1 left on base; Jasper 4 - Surrey 5 |
BOTTOM OF THE 7TH |
Surrey Sinners batting - Pitching for Jasper Cougars : RHP Brad White
|
Batting: LHB Richard Bell
|
0-0: Called Strike 0-1: Ball 1-1: Ball 2-1: Called Strike 2-2: Foul Ball, location: 2F 2-2: Strikes out swinging
|
Pitching: RHP Aaron Green
|
|
Batting: RHB Héctor Berrios
|
0-0: Ball 1-0: Called Strike 1-1: Swinging Strike 1-2: Strikes out looking
|
Batting: LHB Edmund Ross
|
0-0: Foul Ball, location: 2F 0-1: Swinging Strike 0-2: Ball 1-2: Ball 2-2: Ball 3-2: Strikes out swinging
|
Bottom of the 7th over - 0 run(s), 0 hit(s), 0 error(s), 0 left on base; Jasper 4 - Surrey 5 |
TOP OF THE 8TH |
Jasper Cougars batting - Pitching for Surrey Sinners : LHP Luis Perea
|
Pitching: RHP Allen Bannatyne
|
|
Batting: RHB Jesús Hernández
|
0-0: Swinging Strike 0-1: Swinging Strike 0-2: Ball 1-2: Foul Ball, location: 2F 1-2: Strikes out swinging
|
Batting: SHB Ron Edwards
|
0-0: Foul Ball, location: 2F 0-1: Ball 1-1: Ground out 6-3 (Groundball, 6)
|
Batting: RHB Dan Hooper
|
0-0: Foul Ball, location: 2F 0-1: Foul Ball, location: 2F 0-2: Ball 1-2: Strikes out swinging
|
Top of the 8th over - 0 run(s), 0 hit(s), 0 error(s), 0 left on base; Jasper 4 - Surrey 5 |
BOTTOM OF THE 8TH |
Surrey Sinners batting - Pitching for Jasper Cougars : RHP Aaron Green
|
Batting: RHB Bill Little
|
0-0: Ball 1-0: Hit by Pitch
|
Pinch Hitting: LHB Larry Howard
|
0-0: Swinging Strike 0-1: Swinging Strike 0-2: Ball 1-2: Strikes out swinging
|
Pinch Hitting: RHB Júlio Figueroa
|
0-0: 2-RUN HOME RUN (Flyball, 7LD), Distance : 346 ft
|
Batting: RHB Tony Cruz
|
0-0: Ball 1-0: SINGLE (Groundball, 4D)
|
Batting: RHB Miguel Palácios
|
0-0: SINGLE (Line Drive, 34) Tony Cruz to second
|
Batting: RHB Jesús Gonzáles
|
0-0: Ball 1-0: SINGLE (Line Drive, 4D) Tony Cruz to third Miguel Palácios to second
|
Pinch Hitting: RHB Steve Bender
|
0-0: Fly out, F3 (Popup, 3SF)
|
Pinch Hitting: LHB Benny Richard
|
0-0: Ball 1-0: Ball 2-0: Swinging Strike 2-1: Foul Ball, location: 2F 2-2: Strikes out looking
|
Bottom of the 8th over - 2 run(s), 4 hit(s), 0 error(s), 3 left on base; Jasper 4 - Surrey 7 |
TOP OF THE 9TH |
Jasper Cougars batting - Pitching for Surrey Sinners : RHP Allen Bannatyne
|
Pitching: RHP José López
|
|
Now at 3B: Steve Bender
|
|
Now in CF: Martin Short
|
|
Now in RF: Cooper Richard
|
|
Batting: RHB Dave Parker
|
0-0: Swinging Strike
|
Now in LF: Jesús Hernández
|
0-1: Bunted foul 0-2: Fly out, F9 (Flyball, 9M)
|
Batting: RHB Juan Carlos
|
0-0: Foul Ball, location: 2F 0-1: Called Strike 0-2: Ball 1-2: Ball 2-2: Ground out 5-3 (Groundball, 15S)
|
Batting: RHB Greg King
|
0-0: Called Strike 0-1: Ball 1-1: Called Strike 1-2: SINGLE (Line Drive, 7S)
|
Batting: LHB Enrique Valentín
|
0-0: Called Strike 0-1: Ball 1-1: Ball Wild Pitch! Greg King to second 2-1: Ball 3-1: Fly out, F6 (Popup, 6MD)
|
Top of the 9th over - 0 run(s), 1 hit(s), 0 error(s), 1 left on base; Jasper 4 - Surrey 7 |
|